 Dungeon Crawl Stone Soup version 0.30-a0-782-ge64f9170bb (webtiles) character file.

Game seed: 16262798733679874996

129984 Dirtsage the Brawler (level 16, 0/190 HPs)
             Began as a Demonspawn Berserker on Mar 15, 2023.
             Was the Champion of Trog.
             Slain by a harpy (1 damage)
             ... on level 2 of the Shoals on Mar 16, 2023.
             The game lasted 01:15:29 (20181 turns).

Dirtsage the Brawler (Demonspawn Berserker)        Turns: 20181, Time: 01:15:29

Health: 0/190      AC: 23    Str: 28    XL:     16   Next: 51%
Magic:  16/16      EV: 15    Int: 12    God:    Trog [******]
Gold:   303        SH: 20    Dex: 16    Spells: 15/15 levels left

rFire   + . .      SeeInvis .      - Unarmed
rCold   + + .      Faith    .    x - +2 kite shield {rC+ rF+}
rNeg    . . .      Spirit   .    y - +2 plate armour {rC+}
rPois   .          Reflect  +    X - +2 hat of the Forest {rElec Will+ Dex+3}
rElec   +          Harm     .    P - scarf {repulsion}
rCorr   .          Rampage  .    (no gloves)
Will    ++...                    R - +2 pair of boots {Fly} Stlth
                                 b - amulet of reflection
HPRegen 2.51/turn                C - +5 ring of evasion
MPRegen 0.15/turn                K - +6 ring of strength

@: berserking (expiring), engulfed (cannot breathe), flying, repel missiles,
very quick
A: claws 2, molten scales 1, foul stench 2, powered by death 3
a: Renounce Religion, Berserk, Trog's Hand, Brothers in Arms


You were on level 2 of the Shoals.
You worshipped Trog.
Trog was exalted by your worship.
You visited 5 branches of the dungeon, and saw 21 of its levels.
You also visited: Gauntlet and Volcano.

You collected 2024 gold pieces.
You spent 1721 gold pieces at shops.

Inventory:

Missiles
 F - 3 throwing nets (quivered)
 J - 6 silver javelins
Armour
 x - a +2 kite shield of resistance (worn)
 y - a +2 plate armour of cold resistance (worn)
 M - a +3 plate armour of fire resistance
 P - a scarf of repulsion (worn)
 Q - +0 shadow dragon scales
 R - a +2 pair of boots of flying (worn)
 X - the +2 hat of the Forest (worn) {rElec Will+ Dex+3}
   (You found it in a Gauntlet)

   Dex:       It affects your dexterity (+3).
   rElec:     It insulates you from electricity.
   Will:      It increases your willpower.
Jewellery
 b - an amulet of reflection (around neck)
 z - a ring of ice
 C - a +5 ring of evasion (left claw)
 I - a ring of protection from cold
 K - a +6 ring of strength (right claw)
 N - a ring of positive energy
 Z - a ring of flight
Wands
 D - a wand of digging (21)
 E - a wand of iceblast (14)
 G - a wand of flame (26)
 L - a wand of polymorph (10)
 O - a wand of mindburst (6)
 W - a wand of quicksilver (5)
 Y - a wand of charming (6)
Scrolls
 a - a scroll of magic mapping
 e - 3 scrolls of poison
 f - 3 scrolls of immolation
 g - 3 scrolls of fear
 k - 7 scrolls of enchant armour
 m - a scroll of silence
 o - 3 scrolls of vulnerability
 s - a scroll of fog
 t - 6 scrolls of teleportation
 u - 2 scrolls of torment
 B - 4 scrolls of blinking
 H - a scroll of summoning
Potions
 c - 3 potions of flight
 d - 3 potions of magic {unknown}
 h - 3 potions of might {unknown}
 j - 4 potions of degeneration {unknown}
 l - 3 potions of heal wounds
 n - 2 potions of resistance
 p - 8 potions of lignification
 q - 9 potions of curing
 r - 4 potions of attraction {unknown}
 v - a potion of berserk rage
 w - 3 potions of brilliance {unknown}
 A - 2 potions of cancellation
 S - 3 potions of ambrosia {unknown}
 T - a potion of mutation
 U - 2 potions of haste {unknown}
Miscellaneous
 i - a box of beasts


   Skills:
 + Level 11.9 Fighting
 - Level 4.4 Axes
 + Level 8.0 Armour
 + Level 8.0 Dodging
 * Level 13.9 Shields
 * Level 15.7 Unarmed Combat
 - Level 5.5 Evocations


You had 15 spell levels left.
You didn't know any spells.
Your spell library contained the following spells:

 Spells                   Type           Power      Damage    Failure   Level
 Freeze                   Ice            0%         1d3       99%         1
 Necrotise                Necr           0%         1d4       99%         1
 Blink                    Tloc           0%         N/A       100%        2
 Ensorcelled Hibernation  Hex/Ice        0%         N/A       100%        2
 Lesser Beckoning         Tloc           0%         N/A       100%        2
 Momentum Strike          Conj/Tloc      0%         3d8       100%        2
 Passwall                 Tmut/Erth      0%         N/A       100%        2
 Scorch                   Fire           0%         2d5       100%        2
 Frozen Ramparts          Ice            0%         1d1       100%        3
 Hailstorm                Conj/Ice       0%         3d3       100%        3
 Ignite Poison            Fire/Tmut/Pois 0%         N/A       100%        3
 Swiftness                Air            0%         N/A       100%        3
 Vampiric Draining        Necr           0%         2d6       100%        3
 Flame Wave               Conj/Fire      0%         2d4       100%        4
 Manifold Assault         Tloc           0%         N/A       100%        4
 Sticky Flame             Conj/Fire      0%         2d3       100%        4
 Agony                    Necr           0%         N/A       100%        5
 Freezing Cloud           Conj/Ice/Air   0%         6-21      100%        5
 Yara's Violent Unravell  Hex/Tmut       0%         3d3       100%        5
 Dispersal                Tloc           0%         N/A       100%        6
 Simulacrum               Ice/Necr       0%         N/A       100%        6
 Summon Cactus Giant      Summ           0%         N/A       100%        6
 Enfeeble                 Hex            0%         N/A       100%        7
 Disjunction              Tloc           0%         N/A       100%        8
 Ignition                 Fire           0%         3d3       100%        8
 Polar Vortex             Ice            0%         N/A       100%        9


Dungeon Overview and Level Annotations

Branches:
Dungeon (11/15)            Temple (1/1) D:7            Lair (5/5) D:11
 Shoals (2/4) Lair:2       Spider (0/4) Lair:2        Slime (0/5) Lair:4
    Orc (2/2) D:11            Elf (0/3) Orc:2       Volcano (visited)
Gauntlet (visited)

Altars:
Ashenzari
Cheibriados
Dithmenos
Fedhas
Gozag
Hepliaklqana
Kikubaaqudgha
Makhleb
Nemelex Xobeh
Okawaru
Qazlal
Ru
Sif Muna
Trog
Uskayaw
Vehumet
Wu Jian
Xom
Yredelemnul
Jiyva

Shops:
D:1 [   D:5 [   D:9 :   D:11 *   Orc:1 *   Orc:2 [=(?


Innate Abilities, Weirdness & Mutations

You have very sharp fingernails.
You are partially covered in molten scales. (AC +2)
You sometimes emit foul miasma when damaged in melee.
You regenerate a lot of health from kills.


Message History

You block the harpy's attack. The harpy claws you but does no damage.
The merfolk misses you.
You take 14 damage, and have 40/190 hp.
You mangle the harpy!!
The harpy is heavily wounded.
* * * LOW HITPOINT WARNING * * *
Your lungs strain for air!
You block the harpy's attack. x2
The tentacle is engulfed in dark miasma.
The tentacle looks even sicker.
The tentacle misses you.
The tentacle is engulfed in dark miasma.
The tentacle looks even sicker.
You block the tentacle's attack.
The tentacle is engulfed in dark miasma.
The tentacle looks even sicker.
The tentacle barely misses you.
The harpy is engulfed in dark miasma.
The harpy looks even sicker.
The harpy misses you. The harpy claws you.
* * * LOW HITPOINT WARNING * * *
The kraken squirts a massive cloud of ink into the water!
The harpy claws you but does no damage. The harpy misses you.
You block the water elemental's attack.
The merfolk hits you from afar with a +0 trident!
* * * LOW HITPOINT WARNING * * *
You take 19 damage, and have 21/190 hp.
You barely miss the harpy.
The harpy is heavily wounded.
* * * LOW HITPOINT WARNING * * *
Your lungs strain for air!
The harpy is engulfed in dark miasma.
You block the harpy's attack. x2
The tentacle is engulfed in dark miasma.
The tentacle looks even sicker.
You block the tentacle's attack.
The tentacle is engulfed in dark miasma.
The tentacle looks as sick as possible!
You block the tentacle's attack.
The tentacle is engulfed in dark miasma.
The tentacle looks as sick as possible!
The tentacle slaps you!
* * * LOW HITPOINT WARNING * * *
The tentacle is engulfed in dark miasma.
The tentacle is poisoned.
The tentacle slaps you but does no damage.
The harpy claws you.
You die...

#≈≈≈≈≈≈≈≈≈≈≈≈~~.....~~~~~~≈≈≈≈
#≈≈≈≈≈≈≈≈≈≈≈≈~~~~~~.~
#≈≈≈≈≈≈≈≈≈≈≈≈≈~~~~...
#≈≈≈≈≈≈≈≈≈≈≈≈~~~~....
#≈≈≈≈≈≈≈≈≈≈≈≈~~.....#
#≈≈≈≈≈≈≈≈≈≈§§§§....#
#≈≈≈≈≈≈≈≈≈§§§§§.)..#
≈≈≈≈≈≈≈≈≈§§Xww..##
≈≈≈≈≈≈≈≈§§w@H..#
≈≈≈≈≈≈≈§§wEH......
≈≈≈≈≈≈§≈§§Hmm..~~~
≈≈≈≈≈≈≈≈≈≈≈§§~~~~~
≈≈≈≈≈≈≈≈≈≈≈≈~~~~~~
≈≈≈≈≈≈≈≈≈~~~~~~~~
≈≈≈≈≈≈≈≈~~~~~..~
≈≈≈≈≈≈≈~~~~~~~..


You could see a kraken, 2 merfolk, a manticore, 4 tentacles, a water elemental
and 2 harpies.

Vanquished Creatures
  A kraken (Shoals:2)
  Gastronok (Lair:1)
  A minotaur (Gauntlet)
  An ettin (Orc:2)
  Fannar (Lair:1)
  4 hydras
  Erica (D:9)
  3 catoblepae
  A merfolk avatar (Lair:5)
  A dancing weapon (Volcano)
  3 two-headed ogres
  15 death yaks
  Urug (Lair:5)
  3 boulder beetles
  4 orc high priests (Orc:2)
  6 skysharks
  2 sea snakes
  4 wizards (Volcano)
  6 harpies
  Pikel (D:5)
  A lindwurm (Lair:5)
  4 orc knights (Orc:2)
  6 orc sorcerers
  An ugly thing (D:11)
  7 fauns (Shoals:1)
  2 cyclopes
  8 manticores
  5 toenail golems (Volcano)
  11 elephants (Lair:5)
  5 black mambas
  2 merfolk sirens
  A smoke demon (Gauntlet)
  2 water nymphs
  8 cane toads
  A torpor snail (Lair:5)
  4 rime drakes
  11 komodo dragons
  4 meliai
  2 merfolk
  4 trolls
  Grinder (D:3)
  2 hornets
  4 wind drakes
  4 polar bears
  A raiju (Gauntlet)
  6 blink frogs
  Prince Ribbit (D:5)
  7 dream sheep
  A snapping turtle (Lair:5)
  Sigmund (D:3)
  2 wraiths (D:9)
  46 yaks
  A slime creature (Lair:4)
  7 wyverns
  2 fire bats (D:6)
  6 basilisks
  5 steam dragons
  3 vampire mosquitoes (D:11)
  A warg (Orc:1)
  Duvessa (D:4)
  6 water moccasins
  18 orc warriors
  An ice beast (D:6)
  3 ogres
  8 centaurs
  17 wolves (Lair:4)
  A lemure (D:5)
  2 phantoms
  Blork the orc (D:6)
  3 kobold brigands
  19 bullfrogs
  A necrophage (D:5)
  A gnoll sergeant (D:6)
  5 scorpions
  7 wights
  Dowan (D:4)
  17 killer bees
  3 electric eels (Lair:2)
  2 howler monkeys
  4 crimson imps (Gauntlet)
  2 gnoll boudas
  3 hounds
  4 jellies
  24 orc priests
  Crazy Yiuf (D:6)
  17 orc wizards
  Ijyb (D:5)
  5 hell rats
  3 iguanas
  9 gnolls
  11 adders
  A white imp (D:6)
  2 worms
  8 dart slugs
  73 orcs
  9 ball pythons
  7 endoplasms
  2 giant cockroaches
  4 goblins
  7 hobgoblins
  10 jackals
  3 quokkas
  6 bats
  5 frilled lizards
  16 kobolds
  4 rats
  3 tentacles (Shoals:2)
611 creatures vanquished.

Vanquished Creatures (collateral kills)
  An orc warlord (Orc:2)
  A centaur warrior (Shoals:2)
  A sea snake (Lair:5)
  A komodo dragon (Lair:5)
  A rime drake (Lair:5)
  3 merfolk (Shoals:2)
  A basilisk (Lair:5)
  2 hell rats (Lair:5)
  An orc (Orc:2)
  2 tentacles (Shoals:2)
14 creatures vanquished.

Vanquished Creatures (others)
  An orc wizard (D:6)
  A demonic plant (Gauntlet)
  39 fungi
  98 plants
  4 tentacles (Shoals:2)
143 creatures vanquished.

Grand Total: 768 creatures vanquished

Notes
Turn   | Place    | Note
-------+----------+-------------------------------------------
     0 | D:1      | Dirtsage the Demonspawn Berserker began the quest for the
                  | Orb.
     0 | D:1      | Reached XP level 1. HP: 18/18 MP: 1/1
    39 | D:1      | Found a faded altar of an unknown god.
   137 | D:1      | Gained mutation: You regenerate a little health from kills.
                  | [demonic ancestry]
   137 | D:1      | Reached XP level 2. HP: 13/24 MP: 2/2
   359 | D:1      | Gained mutation: You may rarely emit foul miasma when
                  | damaged in melee. [demonic ancestry]
   359 | D:1      | Reached XP level 3. HP: 27/29 MP: 3/3
   591 | D:1      | Reached ** piety under Trog
   605 | D:1      | Found Heavvakk's Armour Shop.
  1126 | D:2      | Gained mutation: You have sharp fingernails. [demonic
                  | ancestry]
  1126 | D:2      | Reached XP level 4. HP: 31/35 MP: 4/4
  1423 | D:2      | Found a shimmering altar of Xom.
  1813 | D:3      | Noticed Grinder
  1834 | D:3      | Killed Grinder
  1835 | D:3      | Reached skill level 4 in Unarmed Combat
  1835 | D:3      | Gained mutation: You sometimes emit foul miasma when
                  | damaged in melee. [demonic ancestry]
  1835 | D:3      | Reached XP level 5. HP: 6/41 MP: 5/5
  1835 | D:3      | Reached XP level 6. HP: 7/47 MP: 6/6
  1990 | D:3      | Noticed Sigmund
  2016 | D:3      | Killed Sigmund
  2017 | D:3      | Reached skill level 5 in Unarmed Combat
  2773 | D:4      | Reached XP level 7. HP: 52/52 MP: 7/7
  2853 | D:4      | Noticed Duvessa
  2857 | D:4      | Noticed Dowan
  2892 | D:4      | Killed Duvessa
  2896 | D:4      | Killed Dowan
  3299 | D:5      | Entered Level 5 of the Dungeon
  3356 | D:5      | Found Giabeq's Armour Shop.
  3364 | D:5      | Identified the +1 robe "Less" {+Blink rF+}
  3448 | D:5      | Reached *** piety under Trog
  3449 | D:5      | Reached skill level 6 in Unarmed Combat
  3566 | D:4      | Gained mutation: You have very sharp fingernails. [demonic
                  | ancestry]
  3566 | D:4      | Reached XP level 8. HP: 18/60 MP: 8/8
  3855 | D:5      | Noticed Prince Ribbit
  4124 | D:5      | Found a blossoming altar of Fedhas.
  4126 | D:5      | Found an ornate altar of the Wu Jian Council.
  4294 | D:5      | Killed Prince Ribbit
  4466 | D:5      | Noticed Pikel
  4483 | D:5      | Killed Pikel
  4484 | D:5      | Reached skill level 7 in Unarmed Combat
  4542 | D:5      | Noticed Ijyb
  4547 | D:5      | Killed Ijyb
  4683 | D:5      | Bought a +1 scale mail of fire resistance for 160 gold
                  | pieces
  4683 | D:5      | Bought a +0 kite shield for 45 gold pieces
  4747 | D:5      | Reached skill level 5 in Fighting
  5008 | D:6      | Noticed Blork the orc
  5043 | D:6      | Found the +12 glaive of Prune {freeze, Prune}
  5082 | D:6      | Reached XP level 9. HP: 68/68 MP: 9/9
  5096 | D:6      | Found a transporter.
  5108 | D:6      | Reached skill level 1 in Shields
  5248 | D:6      | Found a runed translucent door.
  5249 | D:6      | Noticed Crazy Yiuf
  5409 | D:6      | Found a transporter.
  5802 | D:6      | Killed Blork the orc
  5803 | D:6      | Reached skill level 8 in Unarmed Combat
  5812 | D:6      | Found a sparkling altar of Nemelex Xobeh.
  5816 | D:6      | Found a hide-covered altar of Uskayaw.
  6013 | D:6      | Killed Crazy Yiuf
  6243 | D:7      | Found a staircase to the Ecumenical Temple.
  6253 | Temple   | Entered the Ecumenical Temple
  6364 | D:7      | Found an ancient bone altar of Kikubaaqudgha.
  6619 | D:7      | Reached **** piety under Trog
  6852 | D:7      | You fall into a shaft and drop 3 floors!
  6852 | D:10     | Entered Level 10 of the Dungeon
  6892 | D:10     | Reached skill level 5 in Dodging
  6903 | D:10     | Reached skill level 5 in Armour
  6907 | D:10     | Gained mutation: You regenerate health from kills. [demonic
                  | ancestry]
  6907 | D:10     | Reached XP level 10. HP: 76/76 MP: 10/10
  7071 | D:10     | Noticed a two-headed ogre
  7076 | D:10     | Killed a two-headed ogre
  7249 | D:9      | Noticed Erica
  7257 | D:9      | Killed Erica
  7258 | D:9      | Reached skill level 9 in Unarmed Combat
  7682 | D:8      | Reached skill level 5 in Shields
  7956 | D:8      | Found a large runed translucent door.
  7956 | D:8      | Found a large runed translucent door.
  8033 | D:8      | Found an opulent altar of Gozag.
  8042 | D:8      | Found a shimmering blue altar of Sif Muna.
  8042 | D:8      | Noticed a two-headed ogre
  8049 | D:8      | Killed a two-headed ogre
  8246 | D:9      | Found an iron altar of Okawaru.
  8338 | D:9      | Found Sockeow's Book Shoppe.
  8624 | D:9      | Saving game... please wait.
  8649 | D:9      | Reached XP level 11. HP: 61/83 MP: 11/11
  9230 | D:10     | Reached skill level 10 in Unarmed Combat
  9570 | D:11     | Found Gibb's General Store.
  9576 | D:11     | Bought a potion of curing for 45 gold pieces
  9576 | D:11     | Bought a scroll of teleportation for 45 gold pieces
  9639 | D:11     | Noticed a two-headed ogre
  9650 | D:11     | Killed a two-headed ogre
  9722 | D:11     | Found a staircase to the Lair.
  9853 | D:11     | Found a staircase to the Orcish Mines.
 10164 | D:5      | Bought a +2 plate armour of cold resistance for 400 gold
                  | pieces
 10277 | D:11     | Noticed a red ugly thing
 10295 | D:11     | Killed a red ugly thing
 10374 | D:11     | Found an ornate altar of the Wu Jian Council.
 10528 | Lair:1   | Entered Level 1 of the Lair of Beasts
 10536 | Lair:1   | Reached ***** piety under Trog
 10586 | Lair:1   | Noticed Fannar
 10675 | Lair:1   | Killed Fannar
 10787 | Lair:1   | Reached XP level 12. HP: 92/92 MP: 12/12
 10906 | Lair:1   | Reached skill level 11 in Unarmed Combat
 11001 | Lair:1   | Noticed Gastronok
 11025 | Lair:1   | Killed Gastronok
 11093 | Lair:1   | Found a dark tunnel.
 11113 | Volcano  | Entered a volcano
 12010 | Lair:2   | Noticed a catoblepas
 12014 | Lair:2   | Noticed a five-headed hydra
 12098 | Lair:2   | Killed a catoblepas
 12143 | Lair:2   | Killed a five-headed hydra
 12280 | Lair:2   | Reached skill level 12 in Unarmed Combat
 12395 | Lair:2   | Found a staircase to the Shoals.
 12415 | Lair:2   | Gained mutation: You regenerate a lot of health from kills.
                  | [demonic ancestry]
 12415 | Lair:2   | Reached XP level 13. HP: 57/100 MP: 13/13
 12476 | Lair:2   | Found a snail-covered altar of Cheibriados.
 12773 | Lair:2   | Found a hole to the Spider Nest.
 13664 | Lair:3   | Reached skill level 10 in Shields
 14359 | Lair:4   | Found a staircase to the Slime Pits.
 14360 | Lair:4   | Found a viscous altar of Jiyva.
 14367 | Lair:4   | Found a gate leading to a gauntlet.
 14384 | Gauntlet | Entered a Gauntlet
 14384 | Gauntlet | Found a transporter.
 14384 | Gauntlet | Found a runed translucent door.
 14384 | Gauntlet | Found a transporter.
 14384 | Gauntlet | Found a transporter.
 14384 | Gauntlet | Found a runed translucent door.
 14405 | Gauntlet | Found a transporter.
 14415 | Gauntlet | Found a transporter.
 14418 | Gauntlet | Found a transporter.
 14434 | Gauntlet | Found a transporter.
 14453 | Gauntlet | Found a transporter.
 14467 | Gauntlet | Found a transporter.
 14470 | Gauntlet | Found a transporter.
 14480 | Gauntlet | Found a transporter.
 14483 | Gauntlet | Found a transporter.
 14561 | Gauntlet | Identified the +4 scimitar "Okkeuth" {heavy, Fly Will+
                  | Str+3}
 14579 | Gauntlet | Identified the +2 hat of the Forest {rElec Will+ Dex+3}
 14608 | Gauntlet | Identified the +2 kite shield of the Vacuum {Str+3}
 14608 | Gauntlet | Noticed a minotaur
 14614 | Gauntlet | Killed a minotaur
 14763 | Lair:4   | Reached skill level 13 in Unarmed Combat
 15013 | Lair:4   | Reached skill level 10 in Fighting
 15231 | Lair:4   | Reached XP level 14. HP: 58/110 MP: 14/14
 15805 | Lair:5   | Entered Level 5 of the Lair of Beasts
 15901 | Lair:5   | Received a gift from Trog
 16136 | Lair:5   | Reached skill level 14 in Unarmed Combat
 16307 | Lair:5   | Identified the +1 trident of Fatigue {flame, rPois rN+
                  | Will- rCorr Str+4}
 16364 | Lair:5   | Noticed Urug
 16742 | Lair:5   | Identified the +3 robe "Bypsocra" {rN+ Will+}
 17141 | Lair:5   | Killed Urug
 17395 | Orc:1    | Entered Level 1 of the Orcish Mines
 17441 | Orc:2    | Entered Level 2 of the Orcish Mines
 17486 | Orc:2    | Found a staircase to the Elven Halls.
 17488 | Orc:2    | Noticed an orc warlord
 17500 | Orc:2    | Killed an orc warlord
 17500 | Orc:2    | Received a gift from Trog
 17781 | Orc:2    | Reached skill level 15 in Unarmed Combat
 17787 | Orc:2    | Found Poutug Xorr's Magic Scroll Shop.
 17794 | Orc:2    | Gained mutation: You are partially covered in molten
                  | scales. (AC +2) [demonic ancestry]
 17794 | Orc:2    | Reached XP level 15. HP: 112/119 MP: 15/15
 17871 | Orc:2    | Found Jezanath's Jewellery Shoppe.
 17875 | Orc:2    | Bought a scroll of teleportation for 54 gold pieces
 17875 | Orc:2    | Bought a scroll of identify for 36 gold pieces
 17879 | Orc:2    | Found Duha's Armour Shoppe.
 17881 | Orc:2    | Found Alufot's Antique Weapon Shop.
 18186 | Orc:1    | Reached ****** piety under Trog
 18528 | Orc:1    | Found Lukeat's Gadget Gallery.
 18614 | Orc:2    | Bought a scroll of acquirement for 936 gold pieces
 18614 | Orc:2    | Acquired a +1 kite shield of resistance
 18751 | Shoals:1 | Entered Level 1 of the Shoals
 18768 | Shoals:1 | Received a gift from Trog
 19839 | Shoals:2 | Noticed a kraken
 19858 | Shoals:2 | Killed a kraken
 19964 | Shoals:2 | Reached skill level 5 in Evocations
 19964 | Shoals:2 | Reached XP level 16. HP: 127/127 MP: 16/16
 20158 | Shoals:2 | Noticed a kraken
 20181 | Shoals:2 | HP: 1/190 [tentacle[a kraken] (15)]
 20181 | Shoals:2 | Slain by a harpy

Illustrated notes

Levels and vault maps discovered:
D:1:      lightli_iron_boxes, layout_basic, serial_shops, shop,
          nicolae_ecumenical_snake_handling, serial_bayou_pond_d,
          due_unseen_surprise
D:2:      layout_basic, basic_altar
D:3:      layout_rooms, uniq_grinder, uniq_sigmund
D:4:      minmay_general_purpose_star, layout_gridville,
          mainiacjoe_overflow_alcove_4, uniq_duvessa
D:5:      layout_basic, gammafunk_temple_overflow_forgotten, serial_shops, shop,
          kennysheep_generic_room_7, uniq_prince_ribbit1, uniq_ijyb, uniq_pikel
D:6:      gammafunk_cloud_chamber, layout_rooms, jmf_multi_god_temple,
          uniq_crazy_yiuf_cottage, uniq_blork_the_orc
D:7:      layout_loops_ring, kennysheep_mini_moat,
          minmay_temple_entry_mini_moons, serial_glass, glass_columns_a,
          glass_columns_a
D:8:      layout_gridville, jmf_multi_god_temple2, serial_bayou_pond_d,
          grunt_ogre_cave
D:9:      layout_loops_ring, overflow_temple_1_default, serial_shops,
          nicolae_shop_crystal, kennysheep_kite_vault, uniq_erica
D:10:     layout_irregular_city
D:11:     layout_rooms, due_lair_maze_entry_diamond,
          minmay_orc_entry_temple_small, serial_shops, nicolae_diamond_shop,
          pdpol_wu_jian_five_deadly_venoms
Temple:   chequers_temple_sunken
Lair:1:   layout_loops_ring, enter_volcano_1, uniq_fannar, uniq_gastronok
Lair:2:   layout_long_grid, nicolae_shoals_entry_roost,
          hellmonk_spider_entry_not_the_bees, serial_bayou,
          serial_bayou_crossing, serial_bayou_ford_a, serial_bayou_pond_b,
          serial_bayou_lagoon_b, basic_altar, lemuel_fruit_tree
Lair:3:   layout_roguey
Lair:4:   layout_loops_ring, minmay_slime_entry_pillars, gauntlet_entry_generic,
          nicolae_quartered_pool_little, grunt_megastairs_3
Lair:5:   gammafunk_lair_ancient_temple, layout_layer_cave,
          chequers_serial_rivers_small_a, chequers_serial_rivers_micro_e,
          uniq_urug
Shoals:1: layout_shoals
Shoals:2: layout_shoals, ebering_ghost_xom, serial_shops,
          nicolae_shop_statue_plus, shop
Orc:1:    layout_diamond_mine, nicolae_shop_gadgets
Orc:2:    st_orc_elflike, layout_caves, minmay_orc_keep

Skill      XL: |  1  2  3  4  5  6  7  8  9 10 11 12 13 14 15 16 |
---------------+-------------------------------------------------+-----
Axes           | 3 4 |  4.4
Unarmed Combat | 4 5 6 7 8 9 10 12 13 15 | 15.7
Armour         | 2 4 5 6 7 8 |  8.0
Dodging        | 2 4 5 6 7 8 |  8.0
Fighting       | 5 6 7 8 10 11 | 11.9
Shields        | 3 6 7 9 11 13 | 13.9
Evocations     | 5 |  5.5

Action                     |  1- 3 |  4- 6 |  7- 9 | 10-12 | 13-15 | 16-18 || total
---------------------------+-------+-------+-------+-------+-------+-------++-------
  Melee: Hand axe          |   145 |     8 |       |       |       |       ||   153
         Punch             |     2 |     2 |     9 |       |       |       ||    13
         Dagger            |       |    48 |       |       |       |       ||    48
         Unarmed           |       |    40 |   342 |   638 |  1054 |    48 ||  2122
  Throw: Dart              |       |       |       |       |     2 |       ||     2
 Invoke: Berserk           |       |     2 |     4 |    13 |     7 |     1 ||    27
         Trog's Hand       |       |     1 |     2 |     6 |       |       ||     9
         Brothers in Arms  |       |       |       |       |     4 |       ||     4
  Evoke: Wand              |       |       |       |     3 |       |       ||     3
    Use: Potion            |       |     1 |       |     1 |     1 |       ||     3
         Scroll            |       |       |     1 |     8 |    18 |       ||    27
   Stab: Sleeping          |     4 |       |       |       |       |       ||     4
         Petrified         |       |       |       |     4 |     4 |       ||     8
         Distracted        |       |       |       |       |     1 |       ||     1
 Armour: Animal skin       |     8 |       |       |       |       |       ||     8
         Scale mail        |    38 |    44 |    93 |    78 |       |       ||   253
         Plate armour      |       |       |       |    94 |   318 |    29 ||   441
  Dodge: Dodged            |    85 |    41 |   132 |   161 |   351 |    39 ||   809
         Repelled          |       |       |       |       |     5 |       ||     5
  Block: Kite shield       |       |       |   132 |   425 |   958 |    76 ||  1591
         Reflection        |       |       |     5 |     8 |    16 |       ||    29

Table legend: (Time is in decaauts)
 A = Elapsed time spent in this place.
 B = Non-inter-level travel time spent in this place.
 C = Inter-level travel time spent in this place.
 D = Time resting spent in this place.
 E = Time spent auto-exploring this place.
 F = Levels seen in this place.
 G = Mean time per level.
                   A        B        C        D        E       F      G
               +--------+--------+--------+--------+--------+-----+--------+
         Total |  20252 |  18953 |   1299 |   2205 |  11821 |  23 |  880.5 |
       Dungeon |  10620 |   9816 |    804 |   1292 |   6617 |  11 |  965.5 |
        Temple |     90 |     85 |      5 |      0 |     78 |   1 |   90.0 |
          Lair |   6051 |   5751 |    300 |    646 |   3300 |   5 | 1210.2 |
        Shoals |   1403 |   1379 |     24 |    210 |    898 |   2 |  701.5 |
  Orcish Mines |   1261 |   1098 |    163 |     20 |    704 |   2 |  630.5 |
       Volcano |    492 |    492 |      0 |     36 |    211 |   1 |  492.0 |
      Gauntlet |    333 |    333 |      0 |      0 |     12 |   1 |  333.0 |
               +--------+--------+--------+--------+--------+-----+--------+

Top non-repeatable levels by time:
     D:5: 1500 daAuts
  Lair:2: 1368 daAuts
  Lair:4: 1355 daAuts
  Lair:5: 1300 daAuts
     D:6: 1207 daAuts
     D:4: 1170 daAuts
Shoals:1: 1083 daAuts
  Lair:1: 1061 daAuts
     D:9: 995 daAuts
     D:2: 987 daAuts
    D:10: 980 daAuts
  Lair:3: 965 daAuts
     D:7: 841 daAuts
   Orc:2: 830 daAuts
     D:1: 824 daAuts
